[Event "Titled Tuesday Blitz June 6 Early 2023"]
[White "Todorovic, Bojan"]
[Black "Chor, Kevin"]
[WhiteFideId "917087"]
[BlackFideId "2090740"]
[WhiteElo "2266"]
[BlackElo "2585"]
[Result "1-0"]
[Round "1"]
[TimeControl "180+2"]
[Date "2023.06.06"]
[WhiteClock "0:01:21"]
[BlackClock "0:01:13"]
[Board "153"]

1. d4 Nf6 2. c4 g6 3. Nc3 Bg7 4. e4 d6 5. Nf3 O-O 6. Be2 Na6 7. O-O e5 8. Be3 Ng4 9. Bg5 f6 10. Bc1 f5 11. dxe5 Nxe5 12. Nxe5 Bxe5 13. Be3 Qf6 14. Nd5 Qf7 15. exf5 Bxf5 16. Qd2 Nc5 17. f3 c6 18. Nc3 Rad8 19. Rad1 Rfe8 20. Rfe1 Be6 21. b3 b6 22. Bf1 Qg7 23. Ne2 d5 24. Nf4 dxc4 25. Qxd8 Rxd8 26. Rxd8+ Kf7 27. Nxe6 Nxe6 28. Rd7+ 1-0


[Site "https://www.chess.com"]

[Event "Titled Tuesday Blitz June 6 Early 2023"]
[White "Kochiev, Ivan"]
[Black "Napoli, Nicolo"]
[WhiteFideId "2917890"]
[BlackFideId "813702"]
[WhiteElo "2287"]
[BlackElo "2308"]
[Result "1-0"]
[Round "1"]
[TimeControl "180+2"]
[Date "2023.06.06"]
[WhiteClock "0:00:10"]
[BlackClock "0:00:03"]
[Board "154"]

1. e4 c6 2. d4 d5 3. Nc3 dxe4 4. Nxe4 Bf5 5. Ng3 Bg6 6. Nf3 Nd7 7. h4 h6 8. h5 Bh7 9. Bd3 Bxd3 10. Qxd3 Ngf6 11. Bd2 Qc7 12. O-O-O e6 13. Kb1 O-O-O 14. c4 Bd6 15. Ne4 Nxe4 16. Qxe4 Nf6 17. Qe2 c5 18. Bc3 cxd4 19. Nxd4 a6 20. Rd3 Rd7 21. b3 Rhd8 22. Nc2 Be7 23. Rxd7 Qxd7 24. g4 Qd3 25. Qxd3 Rxd3 26. Kb2 Nxg4 27. Bxg7 Nxf2 28. Rf1 Nd1+ 29. Kc1 Bg5+ 30. Kb1 f5 31. Nd4 Ne3 32. Rg1 Kd7 33. Nf3 Bf4 34. Bxh6 Bxh6 35. Ne5+ Kd6 36. Nxd3 Ng4 37. Kc2 e5 38. Nf2 Be3 39. Nxg4 Bxg1 40. h6 Bd4 41. Ne3 e4 42. Nxf5+ Ke6 43. Nxd4+ Kf7 44. Nf5 Kg6 45. Kd2 b5 46. c5 a5 47. c6 a4 48. c7 a3 49. c8=Q b4 50. Qe6+ Kg5 51. Qxe4 Kh5 52. Qh4+ Kg6 53. h7 Kf7 54. h8=Q Kg6 55. Ne7+ Kf7 56. Q4f6# 1-0


[Site "https://www.chess.com"]

[Event "Titled Tuesday Blitz June 6 Early 2023"]
[White "Yonal, Timur"]
[Black "Skliarov, Viktor"]
[WhiteFideId "44115725"]
[BlackFideId "14106736"]
[WhiteElo "1966"]
[BlackElo "2317"]
[Result "0-1"]
[Round "1"]
[TimeControl "180+2"]
[Date "2023.06.06"]
[WhiteClock "0:01:22"]
[BlackClock "0:00:45"]
[Board "155"]

1. e4 c5 2. Nf3 Nc6 3. Bb5 e6 4. O-O Nge7 5. Re1 Nd4 6. Nxd4 cxd4 7. c3 a6 8. Bf1 Nc6 9. d3 Bc5 10. Qg4 O-O 11. c4 d5 12. e5 f5 13. Qg3 dxc4 14. dxc4 b6 15. Nd2 Bb7 16. Nb3 Qe7 17. Bf4 Qf7 18. h4 Rad8 19. Bd3 Nb4 20. Nxc5 bxc5 21. a3 Nxd3 22. Qxd3 a5 23. f3 Bc6 24. b3 Qh5 25. Bg3 f4 26. Bxf4 Rxf4 0-1


[Site "https://www.chess.com"]

[Event "Titled Tuesday Blitz June 6 Early 2023"]
[White "Taboas Rodriguez, Daniel"]
[Black "Zaksaite, Salomeja"]
[WhiteFideId "2208466"]
[BlackFideId "12801496"]
[WhiteElo "2365"]
[BlackElo "2059"]
[Result "0-1"]
[Round "1"]
[TimeControl "180+2"]
[Date "2023.06.06"]
[WhiteClock "0:00:08"]
[BlackClock "0:00:06"]
[Board "156"]

1. d4 Nf6 2. Nf3 g6 3. c4 Bg7 4. Nc3 d6 5. e4 O-O 6. Be2 Nbd7 7. Be3 e5 8. d5 Ne8 9. O-O f5 10. Ng5 Ndf6 11. f4 exf4 12. Bxf4 fxe4 13. Ncxe4 Nxe4 14. Nxe4 Bf5 15. Ng5 Bxb2 16. Ne6 Bxe6 17. dxe6 Bxa1 18. Qxa1 Qf6 19. Qxf6 Rxf6 20. c5 dxc5 21. e7 Kf7 22. Bc4+ Kxe7 23. Bg5 c6 24. Re1+ Kd6 25. Rxe8 Rxe8 26. Bxf6 b5 27. Bf1 c4 28. Bc3 c5 29. a3 Re3 30. Bd2 Rxa3 31. Kf2 Ra2 32. Ke1 Ra1+ 33. Ke2 Ra2 34. Kd1 a5 35. Be2 a4 36. Bf4+ Kd5 37. Bf3+ Kd4 38. Bh6 Ra1+ 39. Kc2 Ra2+ 40. Kb1 Rf2 41. Bg7+ Kd3 42. Bf8 c3 43. Bxc5 c2+ 44. Kb2 Rf1 45. Be3 Kxe3 46. Kxc2 Rxf3 47. Kc3 Rf2 48. Kb4 Rxg2 49. Kxb5 Rxh2 50. Kxa4 g5 51. Kb3 g4 0-1


[Site "https://www.chess.com"]

[Event "Titled Tuesday Blitz June 6 Early 2023"]
[White "Kuzmin, Ilya"]
[Black "Kashlinskaya, Alina"]
[WhiteFideId "4153863"]
[BlackFideId "4198026"]
[WhiteElo "2093"]
[BlackElo "2383"]
[Result "0-1"]
[Round "1"]
[TimeControl "180+2"]
[Date "2023.06.06"]
[WhiteClock "0:00:57"]
[BlackClock "0:01:14"]
[Board "157"]

1. d4 d5 2. c4 dxc4 3. e4 e5 4. Nf3 Bb4+ 5. Nc3 exd4 6. Nxd4 Nf6 7. Qa4+ Nc6 8. Nxc6 Bxc3+ 9. bxc3 bxc6 10. Bg5 O-O 11. Be2 h6 12. Bh4 g5 13. Bg3 Nxe4 14. Qxc4 Qd2+ 15. Kf1 Re8 16. Bxc7 a5 17. Qd3 Ba6 18. c4 Ra7 19. Bb6 Rd7 20. Qxd2 Nxd2+ 21. Ke1 Nxc4 0-1


[Site "https://www.chess.com"]

[Event "Titled Tuesday Blitz June 6 Early 2023"]
[White "Novikov, Evgenij"]
[Black "Palacio,Igor Da Paz"]
[WhiteFideId "4125380"]
[BlackFideId "2121140"]
[WhiteElo "2242"]
[BlackElo "2126"]
[Result "1-0"]
[Round "1"]
[TimeControl "180+2"]
[Date "2023.06.06"]
[WhiteClock "0:00:03"]
[BlackClock "0:00:01"]
[Board "158"]

1. d4 Nf6 2. c4 e6 3. a3 b6 4. Nc3 Bb7 5. Nf3 Be7 6. g3 O-O 7. Bg2 d6 8. O-O Nbd7 9. Qc2 e5 10. d5 Ne8 11. e4 a5 12. Be3 g6 13. b4 axb4 14. axb4 Rxa1 15. Rxa1 Ng7 16. Bh6 f6 17. Ne1 f5 18. exf5 gxf5 19. Nb5 Rf7 20. Na7 e4 21. Be3 Bf6 22. Rd1 Ne5 23. c5 bxc5 24. bxc5 Ba6 25. Nc6 Nxc6 26. dxc6 Ne8 27. Bf4 Qe7 28. Qa2 Bb5 29. cxd6 Nxd6 30. Rc1 Kg7 31. Bf1 Be5 32. Bxe5+ Qxe5 33. Bxb5 Qxb5 34. Ng2 Re7 35. Ne3 Qe5 36. Qa1 Qxa1 37. Rxa1 Rf7 38. Ra7 Nb5 39. Ra6 Nd4 40. Nd5 Nf3+ 41. Kg2 Ne5 42. Nf4 Kf6 43. h3 h6 44. Ra7 Nxc6 45. Rxc7 Rxc7 46. Nd5+ Ke5 47. Nxc7 Nd4 48. Na6 Nf3 49. Nb4 Ne1+ 50. Kh2 Nf3+ 51. Kg2 Ne1+ 52. Kf1 Nf3 53. Nc2 Nd2+ 54. Kg2 Nf3 55. Ne3 Ne1+ 56. Kg1 Nf3+ 57. Kf1 Nd2+ 58. Kg2 Nf3 59. g4 fxg4 60. Nxg4+ Kf4 61. Nxh6 Ne1+ 62. Kf1 Nf3 63. Ng4 Nd2+ 64. Kg2 Nf3 65. Ne3 Nh4+ 66. Kf1 Nf3 67. Ng2+ Kg5 68. Ne3 Kf4 69. Nd5+ Kg5 70. Nc3 Kf4 71. Kg2 Nh4+ 72. Kh2 Nf3+ 73. Kh1 Nh4 74. Nd5+ Kf3 75. Kg1 Ng6 76. Kf1 Nh4 77. Nc3 Kf4 78. Ke2 Nf3 79. Nd5+ Kf5 80. Ke3 Ng1 81. h4 1-0


[Site "https://www.chess.com"]

[Event "Titled Tuesday Blitz June 6 Early 2023"]
[White "Bashirli, Saadat"]
[Black "Pajeken, Jakob Leon"]
[WhiteFideId "13429990"]
[BlackFideId "12942839"]
[WhiteElo "1408"]
[BlackElo "2424"]
[Result "1-0"]
[Round "1"]
[TimeControl "180+2"]
[Date "2023.06.06"]
[WhiteClock "0:00:08"]
[BlackClock "0:00:01"]
[Board "159"]

1. d4 d5 2. e3 Nf6 3. f4 Bf5 4. Bd3 Bxd3 5. cxd3 c6 6. Nc3 e6 7. Nf3 Nbd7 8. O-O Qb6 9. Kh1 h5 10. e4 Bb4 11. Re1 Qa5 12. Bd2 Bxc3 13. bxc3 Qa6 14. Qc2 O-O 15. c4 b5 16. Rac1 bxc4 17. dxc4 Nxe4 18. Be3 Ndf6 19. Ne5 Ng4 20. Nxg4 hxg4 21. Qe2 f5 22. Kg1 Rfc8 23. h3 gxh3 24. gxh3 Qa3 25. Kh2 Rab8 26. Rc2 c5 27. dxc5 d4 28. Bxd4 Qg3+ 29. Kh1 Qxh3+ 30. Qh2 Qf3+ 31. Qg2 Qh5+ 32. Kg1 Rb7 33. Re3 g6 34. Re1 Rh7 35. Kf1 Kf7 36. Rb2 Rc7 37. Be5 Rd7 38. c6 Re7 39. c7 Re8 40. Rb8 Nd2+ 41. Kf2 Ne4+ 42. Rxe4 Qh4+ 43. Ke3 Qe1+ 44. Qe2 Qc1+ 45. Kd4 fxe4 46. Rxe8 Qg1+ 47. Qe3 Qa1+ 48. Kc5 Qxa2 49. Rf8+ 1-0


[Site "https://www.chess.com"]

[Event "Titled Tuesday Blitz June 6 Early 2023"]
[White "Sargsyan, Anna M."]
[Black "Rosh Jain"]
[WhiteFideId "13308130"]
[BlackFideId "25789465"]
[WhiteElo "2284"]
[BlackElo "2233"]
[Result "0-1"]
[Round "1"]
[TimeControl "180+2"]
[Date "2023.06.06"]
[WhiteClock "0:00:07"]
[BlackClock "0:01:59"]
[Board "160"]

1. d4 Nf6 2. c4 e6 3. Nf3 d6 4. Nc3 Nc6 5. e4 e5 6. d5 Ne7 7. Bd3 g6 8. O-O Bg7 9. a3 O-O 10. b3 a5 11. Bb2 Bd7 12. Ne1 Nh5 13. Ne2 f5 14. f3 f4 15. Nc2 g5 16. b4 Nf6 17. c5 h5 18. g3 Bh3 19. Rf2 Ng6 20. Nc1 g4 21. Bf1 Bxf1 22. Qxf1 gxf3 23. Rxf3 Nxe4 24. Qd3 Ng5 25. Rf1 e4 26. Qb3 a4 27. Qa2 fxg3 28. Ne2 Nf3+ 29. Kh1 Qh4 30. Rxf3 Qxh2# 0-1


[Site "https://www.chess.com"]

[Event "Titled Tuesday Blitz June 6 Early 2023"]
[White "rikchessmx"]
[Black "brm72"]
[WhiteElo "2275"]
[BlackElo "2575"]
[Result "0-1"]
[Round "1"]
[TimeControl "180+2"]
[Date "2023.06.06"]
[WhiteClock "0:00:07"]
[BlackClock "0:00:20"]
[Board "161"]

1. e4 c5 2. Nf3 e6 3. d4 cxd4 4. Nxd4 Nc6 5. Nc3 Qc7 6. Nxc6 bxc6 7. Bd3 d5 8. Qe2 Nf6 9. O-O Be7 10. f4 O-O 11. e5 Nd7 12. Rf3 g6 13. Kh1 Nc5 14. Rh3 Nxd3 15. cxd3 c5 16. b3 Bb7 17. Bd2 Rae8 18. Rf1 f6 19. Qg4 Bd8 20. exf6 Bxf6 21. Re1 Qg7 22. Na4 Bc8 23. Rhe3 Bd4 24. R3e2 e5 25. Qg3 exf4 26. Qf3 Rd8 27. Re7 Qf6 28. Rxa7 c4 29. Rae7 c3 30. Bc1 h5 31. h3 Qh4 32. Ba3 Bg4 33. Qf1 f3 0-1


[Site "https://www.chess.com"]

[Event "Titled Tuesday Blitz June 6 Early 2023"]
[White "Wadsworth, Matthew J"]
[Black "Martin, Lewis"]
[WhiteFideId "415804"]
[BlackFideId "410551"]
[WhiteElo "2347"]
[BlackElo "2145"]
[Result "1-0"]
[Round "1"]
[TimeControl "180+2"]
[Date "2023.06.06"]
[WhiteClock "0:00:49"]
[BlackClock "0:00:57"]
[Board "162"]

1. c4 c6 2. g3 d5 3. Nf3 Nf6 4. Bg2 e6 5. O-O Be7 6. b3 O-O 7. Bb2 Nbd7 8. d4 b6 9. Nc3 Bb7 10. Qc2 Rc8 11. e4 dxe4 12. Nxe4 Nxe4 13. Qxe4 Nf6 14. Qc2 c5 15. Rad1 Qc7 16. d5 exd5 17. Be5 Qd7 18. Ng5 g6 19. Bh3 Qe8 20. Rfe1 Qc6 21. Bg2 Rfe8 22. cxd5 Qb5 23. a4 Qb4 24. d6 Bd8 25. Bxb7 1-0


[Site "https://www.chess.com"]

[Event "Titled Tuesday Blitz June 6 Early 2023"]
[White "Balint, Vilmos"]
[Black "Vyatkin, Dmitry"]
[WhiteFideId "718050"]
[BlackFideId "4171900"]
[WhiteElo "2034"]
[BlackElo "2279"]
[Result "1-0"]
[Round "1"]
[TimeControl "180+2"]
[Date "2023.06.06"]
[WhiteClock "0:00:37"]
[BlackClock "0:00:29"]
[Board "163"]

1. d4 Nf6 2. Nf3 g6 3. Bf4 Bg7 4. h3 O-O 5. e3 d6 6. Be2 Nc6 7. O-O Nd7 8. c3 e5 9. dxe5 Ndxe5 10. Nbd2 h6 11. Qb3 Rb8 12. Rfd1 Be6 13. Qa3 Qc8 14. Kh2 g5 15. Bg3 f5 16. Nd4 Bd7 17. f4 gxf4 18. Bxf4 Ng6 19. Rf1 Nxf4 20. Nxc6 Bxc6 21. exf4 Qe8 22. Bf3 Qe3 23. Bxc6 bxc6 24. Nb3 Rfe8 25. Rae1 Qb6 26. Qa4 Kh8 27. Qc4 d5 28. Qd3 Re4 29. Nd2 Qxb2 30. Nxe4 fxe4 31. Qa6 Qb6 32. Qa3 c5 33. c4 c6 34. Qg3 Qc7 35. Qg6 Rf8 36. Kh1 Rf6 37. Qe8+ Kh7 38. f5 Qf7 39. Qa8 Rd6 40. Qc8 Qe7 41. Rb1 Rd8 42. Qxc6 d4 43. Rb7 Qd6 44. Qxe4 Kh8 45. f6 1-0


[Site "https://www.chess.com"]

[Event "Titled Tuesday Blitz June 6 Early 2023"]
[White "Guz, Ari"]
[Black "Cardozo Munar, Carlos Eduardo"]
[WhiteFideId "2825759"]
[BlackFideId "4409477"]
[WhiteElo "2205"]
[BlackElo "2067"]
[Result "1-0"]
[Round "1"]
[TimeControl "180+2"]
[Date "2023.06.06"]
[WhiteClock "0:01:03"]
[BlackClock "0:00:09"]
[Board "164"]

1. a4 e6 2. a5 a6 3. b3 d5 4. Bb2 Nf6 5. Nf3 c5 6. e3 Nc6 7. Be2 Nxa5 8. Bxf6 gxf6 9. O-O Nc6 10. d4 Rg8 11. Nbd2 e5 12. dxe5 fxe5 13. e4 d4 14. Nc4 Bg7 15. g3 b5 16. Nb2 Bb7 17. Nd3 Qe7 18. Nh4 Bc8 19. Bg4 Be6 20. Bxe6 fxe6 21. Qh5+ Kd7 22. Qxh7 Rh8 23. Qg6 Rag8 24. Nf5 exf5 25. Rxa6 Bf6 26. Qxf5+ Kc7 27. Nxc5 Qxc5 28. Qxf6 Rh7 29. Rfa1 Rgh8 30. b4 1-0


[Site "https://www.chess.com"]

[Event "Titled Tuesday Blitz June 6 Early 2023"]
[White "Leschinsky, Gary"]
[Black "Czerw, Dawid"]
[WhiteFideId "30951321"]
[BlackFideId "1145746"]
[WhiteElo "2020"]
[BlackElo "2144"]
[Result "0-1"]
[Round "1"]
[TimeControl "180+2"]
[Date "2023.06.06"]
[WhiteClock "0:00:07"]
[BlackClock "0:00:06"]
[Board "165"]

1. d4 Nf6 2. c4 e6 3. Nc3 Bb4 4. e3 O-O 5. Bd3 c5 6. a3 Bxc3+ 7. bxc3 Nc6 8. Nf3 b6 9. O-O Ba6 10. Qe2 Na5 11. e4 Ne8 12. Bf4 Rc8 13. Rac1 Qe7 14. Rfd1 Nd6 15. e5 Nf5 16. d5 f6 17. g4 Nh6 18. Bxh6 gxh6 19. Qe3 Qg7 20. Kh1 Bxc4 21. Bxc4 Nxc4 22. Qe4 Nxe5 23. dxe6 dxe6 24. Nxe5 fxe5 25. Rd6 Rxf2 26. Rxe6 Rcf8 27. Qxe5 Qxg4 28. Rg1 Rf1 29. Qg3 Qxg3 30. hxg3 Rxg1+ 31. Kxg1 Rf3 32. Re7 Rxg3+ 33. Kh2 Rxc3 34. Rxa7 Rb3 35. a4 Rb4 36. a5 bxa5 37. Rxa5 Rc4 38. Ra7 Rc3 39. Kg2 h5 40. Rc7 h4 41. Kh2 h3 42. Rd7 h5 43. Rc7 Kf8 44. Rd7 Ke8 45. Rh7 c4 46. Rxh5 Rd3 47. Rc5 c3 48. Rc7 Kd8 49. Rc4 Kd7 50. Rc5 Kd6 51. Rc8 Ke5 52. Re8+ Kd4 53. Rd8+ Ke3 54. Re8+ Kd2 0-1


[Site "https://www.chess.com"]

[Event "Titled Tuesday Blitz June 6 Early 2023"]
[White "Gontcharov, Vladislav"]
[Black "Marchesich, Giovanni"]
[WhiteFideId "4123492"]
[BlackFideId "2824790"]
[WhiteElo "2420"]
[BlackElo "2213"]
[Result "1-0"]
[Round "1"]
[TimeControl "180+2"]
[Date "2023.06.06"]
[WhiteClock "0:00:14"]
[BlackClock "0:00:01"]
[Board "166"]

1. d4 e6 2. c4 b6 3. Nc3 Bb7 4. Nf3 Bb4 5. Bd2 Ne7 6. a3 Bxc3 7. Bxc3 O-O 8. e3 f5 9. Be2 Qe8 10. O-O d6 11. b4 Nd7 12. Qb3 Kh8 13. Rad1 Nf6 14. c5 Bd5 15. Qb2 Ne4 16. Nd2 Nxc3 17. Qxc3 Qg6 18. f3 a5 19. cxb6 cxb6 20. Qc7 Nc6 21. b5 Rac8 22. Qxd6 Rfd8 23. Qf4 Na7 24. Rc1 Qe8 25. a4 Rxc1 26. Rxc1 Rc8 27. Rxc8 Qxc8 28. Nf1 Qd8 29. Qe5 Bb3 30. Ng3 Bxa4 31. Qxe6 Bxb5 32. Bxb5 Nxb5 33. Nxf5 Nc3 34. Qe5 Qg8 35. Ne7 Qa2 36. Qb8+ 1-0


[Site "https://www.chess.com"]

[Event "Titled Tuesday Blitz June 6 Early 2023"]
[White "Dubreuil, Julien"]
[Black "Shohat, Yotam"]
[WhiteFideId "621285"]
[BlackFideId "2813955"]
[WhiteElo "2259"]
[BlackElo "2226"]
[Result "0-1"]
[Round "1"]
[TimeControl "180+2"]
[Date "2023.06.06"]
[WhiteClock "0:00:42"]
[BlackClock "0:01:17"]
[Board "167"]

1. e4 e5 2. Nf3 Nc6 3. d4 exd4 4. Nxd4 Bc5 5. Nb3 Bb6 6. Nc3 Nf6 7. Qe2 d6 8. Be3 Bxe3 9. Qxe3 a6 10. O-O-O Be6 11. f3 Qe7 12. g4 O-O-O 13. Nd4 Nxd4 14. Qxd4 Kb8 15. Bc4 Bxc4 16. Qxc4 Qe5 17. Kb1 h5 18. g5 Qxg5 19. Qxf7 Rhf8 20. Qc4 Qc5 21. Qxc5 dxc5 22. Rdg1 Nd7 23. Rg3 Ne5 24. Rf1 Rf7 25. Kc1 Rdf8 26. Nd5 c6 27. Nc3 Nxf3 28. a4 g5 29. a5 g4 30. Na4 Ng5 31. Rxf7 Rxf7 32. h4 Rf1+ 33. Kd2 Nxe4+ 0-1


[Site "https://www.chess.com"]

[Event "Titled Tuesday Blitz June 6 Early 2023"]
[White "Ismagilov, Damir"]
[Black "Abrosimov, Vladimir"]
[WhiteFideId "34199982"]
[BlackFideId "4166892"]
[WhiteElo "2104"]
[BlackElo "2336"]
[Result "0-1"]
[Round "1"]
[TimeControl "180+2"]
[Date "2023.06.06"]
[WhiteClock "0:00:10"]
[BlackClock "0:00:58"]
[Board "168"]

1. f4 d5 2. Nf3 c6 3. e3 Bf5 4. b3 Nf6 5. Bb2 e6 6. Be2 Nbd7 7. O-O Be7 8. Ne5 O-O 9. d3 Nxe5 10. fxe5 Nd7 11. Nd2 Bg5 12. Rf3 Qb6 13. Nf1 c5 14. Kh1 Rac8 15. e4 dxe4 16. dxe4 Bg4 17. Qxd7 Bxf3 18. Bxf3 Rfd8 19. Qa4 c4 20. c3 Rd3 21. b4 Rcd8 22. Qc2 Bf4 23. Be2 Rd2 24. Nxd2 Rxd2 25. Qc1 Rxe2 26. Qxf4 Rxb2 27. Rf1 Qc7 28. a4 Rc2 29. Qf3 h6 30. h3 Qd7 31. Qe3 b6 32. a5 Qd3 33. Qf4 Qd7 34. axb6 axb6 35. Rf3 b5 36. Qe3 Rd2 37. Kh2 Rd3 38. Qc5 Rxf3 39. gxf3 Qd2+ 40. Kg3 Qe1+ 41. Kf4 Qd2+ 42. Qe3 Qh2+ 43. Kg4 Qg2+ 44. Kh4 g5+ 45. Kh5 Qxh3# 0-1


[Site "https://www.chess.com"]

[Event "Titled Tuesday Blitz June 6 Early 2023"]
[White "Schut, Han"]
[Black "Gheorghiu, Calin"]
[WhiteFideId "1005561"]
[BlackFideId "1200305"]
[WhiteElo "2024"]
[BlackElo "2204"]
[Result "1-0"]
[Round "1"]
[TimeControl "180+2"]
[Date "2023.06.06"]
[WhiteClock "0:00:15"]
[BlackClock "0:00:09"]
[Board "169"]

1. e4 c5 2. Nf3 a6 3. c4 d6 4. Nc3 Nf6 5. d4 cxd4 6. Nxd4 e6 7. Be2 Be7 8. Be3 O-O 9. O-O Qc7 10. Rc1 b6 11. f3 Bb7 12. Qd2 Nbd7 13. Rfd1 Rac8 14. Bf1 Qb8 15. Qf2 Rfe8 16. Kh1 Bd8 17. Qg1 Bc7 18. Bf2 Qa8 19. b4 d5 20. cxd5 exd5 21. exd5 Nxd5 22. Nxd5 Bxd5 23. a3 Nf6 24. Nf5 Bxf3 25. Bxb6 Bxb6 26. Qxb6 Bxd1 27. Rxd1 Rcd8 28. Ra1 Re6 29. Qf2 Ne4 30. Qf4 Qa7 31. h3 Nf2+ 32. Kh2 Rf6 33. Qg5 Qb8+ 34. g3 Rg6 35. Ne7+ Kh8 36. Nxg6+ hxg6 37. Qf4 Qa7 38. Bxa6 Rd3 39. Bxd3 Nxd3 40. Qh4+ Kg8 41. Qd8+ Kh7 42. Qxd3 Qf2+ 43. Kh1 1-0


[Site "https://www.chess.com"]

[Event "Titled Tuesday Blitz June 6 Early 2023"]
[White "MKlose11"]
[Black "MunichMouse"]
[WhiteElo "2564"]
[BlackElo "2255"]
[Result "1/2-1/2"]
[Round "1"]
[TimeControl "180+2"]
[Date "2023.06.06"]
[WhiteClock "0:00:14"]
[BlackClock "0:00:08"]
[Board "170"]

1. e4 c5 2. Nc3 a6 3. g3 e5 4. d3 Nc6 5. f4 d6 6. Bg2 g6 7. Nf3 Bg7 8. O-O Nge7 9. Nh4 f5 10. exf5 Nxf5 11. Nxf5 Bxf5 12. Bd5 Qd7 13. Be3 Ne7 14. Bg2 O-O-O 15. Qd2 Bh3 16. Rae1 Rhf8 17. a3 Bxg2 18. Qxg2 Qc6 19. Ne4 Nf5 20. fxe5 Bxe5 21. c3 Qd5 22. Qe2 c4 23. Rd1 cxd3 24. Qxd3 Qxd3 25. Rxd3 Nxe3 26. Rxe3 Rxf1+ 27. Kxf1 Rf8+ 28. Ke2 Kc7 29. Rf3 Rxf3 30. Kxf3 Kc6 31. Ng5 h5 32. Ke4 Kc5 33. Kd3 d5 34. b3 b5 35. Nf7 Bc7 36. Nh8 g5 37. Nf7 g4 38. Ng5 Be5 39. Ne6+ Kd6 40. Nd8 Bf6 41. Nf7+ Ke7 42. Nh6 Ke6 43. c4 dxc4+ 44. bxc4 bxc4+ 45. Kxc4 Be7 46. a4 Bd6 47. Kd4 h4 48. Nxg4 hxg3 49. hxg3 Bxg3 50. Kc4 Kd6 51. Ne3 Kc6 52. Nd5 Be1 53. Ne3 Kb6 54. Nc2 Bd2 55. Kb3 Kc5 56. Na3 a5 57. Nc4 Bb4 58. Ne5 Kd4 59. Nc6+ Kc5 60. Ne7 Kd4 61. Ng6 Kc5 62. Nh4 Kb6 63. Nf5 Ka6 64. Kc4 Kb6 65. Kd5 Ka6 66. Ne3 Kb6 67. Nc4+ Ka6 68. Kc6 Ka7 69. Ne5 Ka6 70. Nd3 Ka7 71. Kb5 Kb7 72. Nf4 Ka7 73. Nd5 Kb7 74. Ne7 Ka7 75. Nc6+ Kb7 76. Nd4 Ka7 77. Kc6 Ka6 78. Ne6 Ka7 79. Kc7 Ka6 80. Nf4 Ka7 81. Nd5 Ka6 82. Kb8 Bd2 83. Kc8 Ka7 84. Kc7 Ka6 85. Kc6 Ka7 86. Kb5 Kb7 87. Ne7 Ka7 88. Kc6 Ka6 89. Nc8 Bc3 90. Nd6 Bd2 91. Kd5 Be1 92. Kc6 Ka7 93. Kd5 Ka6 94. Ke4 Kb6 95. Kd3 Kc5 96. Ne4+ Kb4 97. Nd6 Kxa4 98. Nb7 Kb5 99. Nxa5 1/2-1/2


[Site "https://www.chess.com"]

[Event "Titled Tuesday Blitz June 6 Early 2023"]
[White "Levitan, Caleb Levi"]
[Black "Degenbaev, Aziz"]
[WhiteFideId "14332620"]
[BlackFideId "13802640"]
[WhiteElo "1963"]
[BlackElo "2152"]
[Result "0-1"]
[Round "1"]
[TimeControl "180+2"]
[Date "2023.06.06"]
[WhiteClock "0:00:09"]
[BlackClock "0:00:16"]
[Board "171"]

1. e4 c5 2. Nf3 d6 3. d4 cxd4 4. Nxd4 Nf6 5. Nc3 a6 6. Bc4 e6 7. Bb3 b5 8. Qf3 Bb7 9. Bg5 Nbd7 10. O-O-O Nc5 11. Bxf6 Qxf6 12. Qxf6 gxf6 13. f3 Rg8 14. g4 Bh6+ 15. Kb1 O-O-O 16. a4 b4 17. Na2 a5 18. c3 bxc3 19. Nxc3 Bf4 20. Bc2 Be5 21. Ndb5 f5 22. gxf5 Rg2 23. fxe6 fxe6 24. h4 d5 25. exd5 exd5 26. Rhe1 Bf6 27. Re2 Rg3 28. f4 Rh3 29. Bf5+ Kb8 30. Bxh3 d4 31. Red2 Nb3 32. Nxd4 Nxd2+ 33. Rxd2 Rxd4 34. Rxd4 Bxd4 35. Bf5 h5 36. Bg6 Bf3 37. f5 Bf6 38. Kc2 Bxh4 39. Bf7 Bf6 40. Bd5 Bg4 41. Ne4 Bxf5 42. Kd2 Bxb2 43. Ng3 Bg4 44. Bf7 h4 45. Nf1 Be5 46. Ke3 h3 47. Kf2 h2 48. Nxh2 Bxh2 49. Be8 Kc7 50. Ke3 Be5 51. Kd3 Be6 52. Kc2 Kd6 53. Bb5 Kc5 54. Kb1 Kb4 55. Kc2 Bb3+ 56. Kb1 Bxa4 57. Bxa4 Kxa4 58. Ka2 Kb4 59. Kb1 Kb3 60. Kc1 a4 61. Kb1 a3 62. Kc1 a2 0-1


[Site "https://www.chess.com"]

[Event "Titled Tuesday Blitz June 6 Early 2023"]
[White "Omelja, Artem"]
[Black "Antonio, Jorge Carlos"]
[WhiteFideId "14119846"]
[BlackFideId "113190"]
[WhiteElo "2404"]
[BlackElo "2247"]
[Result "1/2-1/2"]
[Round "1"]
[TimeControl "180+2"]
[Date "2023.06.06"]
[WhiteClock "0:01:33"]
[BlackClock "0:01:08"]
[Board "172"]

1. e4 c5 2. Nf3 Nc6 3. Bb5 d6 4. O-O Bd7 5. c4 a6 6. Bxc6 Bxc6 7. Nc3 e5 8. d3 g6 9. Nd5 Bg7 10. Bg5 f6 11. Be3 Ne7 12. Qd2 O-O 13. Bh6 Bxd5 14. cxd5 b5 15. Rac1 Rc8 16. a3 a5 17. b4 cxb4 18. axb4 a4 19. d4 Rxc1 20. Rxc1 Bxh6 21. Qxh6 Qd7 22. dxe5 dxe5 23. Rc5 Ra8 24. h3 a3 25. Qc1 a2 26. Qa1 Nc8 27. Nd2 Qa7 28. Rc2 Nd6 1/2-1/2


[Site "https://www.chess.com"]

[Event "Titled Tuesday Blitz June 6 Early 2023"]
[White "Bullen, Alex"]
[Black "Malyi, Viacheslav"]
[WhiteFideId "1801627"]
[BlackFideId "14123983"]
[WhiteElo "2078"]
[BlackElo "2291"]
[Result "0-1"]
[Round "1"]
[TimeControl "180+2"]
[Date "2023.06.06"]
[WhiteClock "0:00:32"]
[BlackClock "0:00:51"]
[Board "173"]

1. Nf3 Nf6 2. e3 d5 3. d4 Bf5 4. c4 c6 5. Nc3 e6 6. Qb3 Qc8 7. Be2 Nbd7 8. Bd2 Be7 9. Rc1 O-O 10. O-O Ne4 11. Nxe4 Bxe4 12. Bb4 Bxb4 13. Qxb4 Qc7 14. Nd2 Bg6 15. Qc3 Nf6 16. Bd3 Rfd8 17. Bxg6 hxg6 18. cxd5 exd5 19. Nf3 Ne4 20. Qd3 Qb6 21. b3 Qa5 22. Rc2 Nd6 23. Rfc1 Qb5 24. Ne1 Qxd3 25. Nxd3 Rac8 26. h3 Kf8 27. Kh2 Rc7 28. Nf4 Rcd7 29. Nd3 Rc7 30. Nf4 Rcd7 31. Nd3 Ke7 32. Nc5 Rc7 33. Nd3 Rcc8 34. Nf4 Nb5 35. a4 Nd6 36. Nd3 Ne4 37. Nf4 g5 38. Nd3 Nd6 39. Ne5 f6 40. Nd3 Ne4 41. Nc5 Nxc5 42. Rxc5 Kd6 43. b4 a6 44. a5 Re8 45. Kg3 Rcd8 46. Kg4 g6 47. Kg3 Re4 48. R5c3 Rde8 49. R1c2 f5 50. Rd3 Rf8 51. f3 Re7 52. Kf2 Rfe8 53. Rcc3 Ke6 54. Rb3 Kf6 55. Rbc3 f4 56. Rb3 Kf5 57. Rbc3 Re6 58. Rb3 R8e7 59. Rbc3 Kf6 60. Rb3 Rd6 61. Rbc3 Rdd7 62. Rb3 Rd8 63. Rbc3 Rde8 64. Rb3 Kf5 65. Rbc3 Ke6 66. Rb3 Kd6 67. Rbc3 Rf7 68. Rb3 Rff8 69. Rbc3 Rb8 70. Rb3 Rf7 71. Rbc3 b6 72. Rb3 bxa5 73. bxa5 Rb5 74. Rxb5 cxb5 75. e4 Rc7 76. e5+ Ke6 77. Ke2 Rc4 78. Kd2 Ra4 79. Rc3 Rxd4+ 80. Ke2 Rc4 81. Kd2 Rxc3 82. Kxc3 Kxe5 83. Kb4 Kd4 0-1


[Site "https://www.chess.com"]

[Event "Titled Tuesday Blitz June 6 Early 2023"]
[White "Iskusnyh, Sergei"]
[Black "Sailer, Mike"]
[WhiteFideId "4120027"]
[BlackFideId "2012901"]
[WhiteElo "2492"]
[BlackElo "2109"]
[Result "1-0"]
[Round "1"]
[TimeControl "180+2"]
[Date "2023.06.06"]
[WhiteClock "0:00:19"]
[BlackClock "0:00:03"]
[Board "174"]

1. d4 d5 2. c4 c6 3. Nf3 Nf6 4. e3 a6 5. Bd3 Bg4 6. Nbd2 e6 7. b3 Nbd7 8. Bb2 Bd6 9. Qc2 O-O 10. O-O c5 11. Ne5 g6 12. f3 Bf5 13. e4 dxe4 14. fxe4 Bg4 15. Nxd7 Nxd7 16. e5 Be7 17. d5 Bg5 18. Ne4 Bf5 19. Rae1 Bh6 20. Nd6 Rb8 21. Bxf5 gxf5 22. Qd3 Qg5 23. Rf3 Qd2 24. Qxd2 Bxd2 25. Re2 Bh6 26. Rg3+ Kh8 27. Nxf7+ Rxf7 28. dxe6 Rg7 29. exd7 1-0


[Site "https://www.chess.com"]